 Dungeon Crawl Stone Soup version 0.27.0-66-gdc8fb28755 (webtiles) character file.

Game seed: 10044057012708265348

259 MisterFreud the Skirmisher (level 5, -5/52 HPs)
             Began as a Minotaur Abyssal Knight on Aug 19, 2021.
             Was a Believer of Lugonu.
             Slain by an orc priest (7 damage)
             ... on level 6 of the Dungeon.
             The game lasted 00:04:20 (3080 turns).

MisterFreud the Skirmisher (MiAK)                   Turns: 3080, Time: 00:04:21

Health: -5/52      AC:  3    Str: 24    XL:     5   Next: 94%
Magic:  5/5        EV: 11    Int:  9    God:    Lugonu [**....]
Gold:   46         SH:  0    Dex:  9    Spells: 4/4 levels left

rFire    . . .     SeeInvis .   p - +0 war axe
rCold    . . .     Faith    .   (no shield)
rNeg     + . .     Spirit   .   b - +0 leather armour
rPois    .         Reflect  .   (helmet restricted)
rElec    .         Harm     .   (no cloak)
rCorr    .         Rampage  .   (no gloves)
Will     .....                  (no boots)
Stlth    +.........             (no amulet)
HPRegen  0.17/turn              n - +6 ring of strength
MPRegen  0.09/turn              s - ring of positive energy

@: flying
A: horns 2, retaliatory headbutt
a: Renounce Religion, Depart the Abyss, Bend Space


You were on level 6 of the Dungeon.
You worshipped Lugonu.
Lugonu was pleased with you.
You visited 1 branch of the dungeon, and saw 5 of its levels.
You visited the Abyss 1 time.

You collected 132 gold pieces.
You spent 86 gold pieces at shops.

Inventory:

Hand Weapons
 a - a +1 hand axe
 p - a +0 war axe (weapon)
Missiles
 d - 9 boomerangs
 r - 4 poisoned darts
Armour
 b - a +0 leather armour (worn)
Jewellery
 n - a +6 ring of strength (left hand)
 s - a ring of positive energy (right hand)
Scrolls
 c - 4 scrolls of teleportation {unknown}
 e - 6 scrolls of identify {unknown}
 i - a scroll of amnesia {unknown}
 j - 2 scrolls of enchant armour {unknown}
 l - a scroll of torment {unknown}
 m - a scroll of enchant weapon {unknown}
 o - a scroll of noise {unknown}
 q - a scroll of fog {unknown}
 t - a scroll of magic mapping {unknown}
Potions
 g - a potion of brilliance {unknown}
 h - a potion of haste {unknown}
 k - a potion of curing {unknown}


   Skills:
 + Level 7.3 Fighting
 + Level 4.2 Axes
 - Level 2.4 Armour
 - Level 1.1 Dodging
 - Level 1.7 Invocations


You had 4 spell levels left.
You didn't know any spells.
Your spell library contained the following spells:

 Spells                   Type           Power      Damage    Failure   Level
 Animate Skeleton         Necr           0%         N/A       43%         1
 Apportation              Tloc           0%         N/A       43%         1
 Corona                   Hex            0%         N/A       43%         1
 Summon Small Mammal      Summ           0%         N/A       43%         1


Dungeon Overview and Level Annotations

Branches:
Dungeon (6/15)
 Temple: D:4-7

Altars:
Vehumet

Shops:
D:2 *   D:6 :

Annotations:
D:6 1 runed translucent door


Innate Abilities, Weirdness & Mutations

You have a pair of horns on your head.
You reflexively headbutt those who attack you in melee.


Message History

The iguana barely misses you. You furiously retaliate!
You headbutt the iguana, but do no damage.
The iguana bites you. The iguana bites you!
Found an escape hatch in the floor.
The centaur wields a +0 shortbow.
The centaur shoots an arrow.
The arrow hits you!
Found a fuming silvery potion.
There is an escape hatch in the floor here.
The yak closely misses you.
You slide downwards.
The hatch slams shut behind you.
Level annotation: 1 runed translucent door The gnoll shouts!
The hobgoblin shouts!
The hound barks!
The gnoll shouts!
You hear a shout! x3
Found 34 gold pieces, a short sword and a robe.
The hobgoblin shouts!
The yak closely misses you.
Found a flail.
Found 20 stones.
Found 12 gold pieces. 2 orcs come into view.
The orc shouts! x2; You hear a shout!
An orc priest comes into view. It is wielding a +0 short sword.
The orc priest shouts!
You closely miss the orc. You headbutt the orc.
You kill the orc!
Lugonu accepts your kill.
You hit the yak but do no damage. The yak gores you!
* * * LOW HITPOINT WARNING * * *
An orc comes into view. It is wielding a +0 club.
You hit the orc priest.
The orc priest is moderately wounded.
You slash the yak! The yak gores you.
* * * LOW HITPOINT WARNING * * *
The orc priest barely misses you. The yak misses you.
It was a potion of flight.
You feel very buoyant.
You fly up into the air.
The orc priest hits you with a +0 short sword!
You die...

#..# #..# #. #..# ##.
#.. #.. .o. #.$ #o#
#..###o# #####...##@#
.........Y.#
####.#.#### # #.# .#
####.#.###########.#
....................#
....(.............###
.P.P......P.P....P.)#
♣P♣P..P.P.P♣P...♣P♣P.


You could see a yak, an orc priest and 2 orcs.

Vanquished Creatures
  2 scorpions (D:6)
  Natasha (D:2)
  A gnoll (D:2)
  4 adders
  2 dart slugs
  2 worms (D:2)
  An orc (D:6)
  3 bats
  7 endoplasms
  4 giant cockroaches
  6 goblins
  4 hobgoblins
  4 jackals
  3 kobolds
  5 quokkas
  3 ball pythons
  A frilled lizard (D:2)
  5 rats
58 creatures vanquished.

Notes
Turn   | Place    | Note
-------+----------+-------------------------------------------
     0 | Abyss:1  | MisterFreud the Minotaur Abyssal Knight began the quest for
                  | the Orb.
     0 | Abyss:1  | Reached XP level 1. HP: 19/19 MP: 1/1
    10 | D:1      | Escaped the Abyss
   101 | D:1      | Reached skill level 4 in Fighting
   234 | D:1      | Reached XP level 2. HP: 28/28 MP: 2/2
   376 | D:1      | Found a faded altar of an unknown god.
   588 | D:1      | Reached ** piety under Lugonu
  1028 | D:2      | Found a radiant altar of Vehumet.
  1033 | D:2      | Reached skill level 5 in Fighting
  1045 | D:2      | Found Soedghoin's Assorted Antiques.
  1063 | D:2      | Reached XP level 3. HP: 35/36 MP: 3/3
  1077 | D:2      | Bought a puce potion for 13 gold pieces
  1077 | D:2      | Bought a glowing pink potion for 13 gold pieces
  1077 | D:2      | Bought a scroll labelled SALE EQUYRANT for 15 gold pieces
  1077 | D:2      | Bought a scroll labelled FUOHYCAOGA for 15 gold pieces
  1339 | D:2      | Noticed Natasha
  1345 | D:2      | Killed Natasha
  1376 | D:2      | Reached skill level 6 in Fighting
  1376 | D:2      | Reached XP level 4. HP: 35/44 MP: 4/4
  1966 | D:2      | Bought a scroll labelled SALE EQUYRANT for 15 gold pieces
  1966 | D:2      | Bought a scroll labelled VUZXYI SENUESM for 15 gold pieces
  2641 | D:3      | You fall into a shaft and drop 3 floors!
  2645 | D:6      | Found a large runed translucent door.
  2670 | D:6      | Noticed a scorpion
  2676 | D:6      | Killed a scorpion
  2677 | D:6      | Reached XP level 5. HP: 13/51 MP: 5/5
  2918 | D:6      | Reached skill level 7 in Fighting
  3028 | D:6      | Found Ythie's Book Emporium.
  3032 | D:6      | Noticed an ogre
  3037 | D:5      | Entered Level 5 of the Dungeon
  3039 | D:5      | Noticed a yak
  3039 | D:5      | Noticed a yak
  3039 | D:5      | Noticed a yak
  3039 | D:5      | Noticed a yak
  3041 | D:5      | Noticed a centaur
  3064 | D:6      | Noticed a centaur
  3079 | D:6      | HP: 1/52 [yak (6)]
  3080 | D:6      | Slain by an orc priest

Illustrated notes

Levels and vault maps discovered:
D:1:      tarquinn_simple_flora_water_b, layout_basic, basic_ecumenical_altar,
          minmay_misc_feat_hallway, st_stairs_12
D:2:      layout_rooms, basic_altar, serial_shops, shop_fountains,
          cheibrodos_gnoll_hut, uniq_natasha
D:3:      layout_basic, minivault_11, hangedman_abyss_or_decor_stabs
D:5:      layout_basic, pdpol_wu_jian_five_deadly_venoms,
          mainiacjoe_overflow_small_starburst, minmay_temple_entry_mini_moons
D:6:      kennysheep_housing_project, layout_loops_ring, jmf_multi_god_temple2,
          serial_shops, shop

Skill      XL: |  1  2  3  4  5 |
---------------+----------------+-----
Fighting       | 4 5 6 7 |  7.3
Axes           | 3 4 |  4.2
Armour         | |  2.4
Dodging        | |  1.1
Invocations    | |  1.7

Action                   |  1- 3 |  4- 6 || total
-------------------------+-------+-------++-------
Melee: Hand axe          |    70 |    17 ||    87
       Headbutt          |    13 |     8 ||    21
       War axe           |       |    36 ||    36
  Use: Potion            |       |     1 ||     1
Armor: Leather armour    |    20 |    19 ||    39
Dodge: Dodged            |    44 |    41 ||    85
